 Dungeon Crawl Stone Soup version 0.25-a0-614-g73ad250637 (webtiles) character file.

Game seed: 658736222477411930, levelgen mode: deterministic

889 Lugonue the Quickloader (level 8, -2/64 HPs)
             Began as a Kobold Arcane Marksman on Mar 17, 2020.
             Slain by a worker ant (5 damage)
             ... on level 5 of the Dungeon.
             The game lasted 00:17:32 (5444 turns).

Lugonue the Quickloader (Kobold Arcane Marksman)    Turns: 5444, Time: 00:17:32

Health: -2/64      AC:  4    Str:  7 (9)  XL:     8   Next: 27%
Magic:  9/9        EV: 15    Int: 11 (14) God:
Gold:   263        SH:  0    Dex: 14 (16) Spells: 3/9 levels left

rFire    . . .     SeeInvis +   b - +1 short sword (protect)
rCold    + . .     Gourm    .   (shield restricted)
rNeg     . . .     Faith    .   q - +0 leather armour {rC+}
rPois    .         Spirit   .   (no helmet)
rElec    .         Reflect  .   (no cloak)
rCorr    .         Harm     .   (no gloves)
MR       .....                  c - +0 pair of boots
Stlth    ..........             (no amulet)
HPRegen  0.20/turn              g - ring of see invisible
MPRegen  0.11/turn              (no ring)

@: berserking, lethally poisoned (-2 -> -15), very quick
A: small, carnivore, sense surroundings 1, screaming 1, wild magic 1
a: no special abilities


You were on level 5 of the Dungeon.
You were not hungry.

You visited 1 branch of the dungeon, and saw 5 of its levels.

You collected 263 gold pieces.

Inventory:

Hand Weapons
 a - a +0 hand crossbow
 b - a +1 short sword of protection (weapon)
 m - a +0 dagger
 o - a +0 short sword
 t - a +0 rapier
Missiles
 d - 15 bolts
 k - 23 poisoned darts (quivered)
Armour
 c - a +0 pair of boots (worn)
 q - a +0 leather armour of cold resistance (worn)
Jewellery
 g - a ring of see invisible (left hand)
Wands
 r - a wand of flame (12)
Scrolls
 e - a scroll of random uselessness {unknown}
 h - 2 scrolls of identify
 i - 4 scrolls of teleportation {unknown}
 j - a scroll of vulnerability {unknown}
 l - a scroll of enchant weapon {unknown}
 p - 2 scrolls of fog
Potions
 s - a potion of might
Comestibles
 f - 6 rations


   Skills:
 - Level 1.1 Fighting
 + Level 4.3 Short Blades
 + Level 8.7 Crossbows
 + Level 4.2 Dodging
 + Level 3.7 Stealth
 - Level 1.1 Spellcasting
 - Level 3.2 Hexes


You had 3 spell levels left.
You knew the following spells:

 Your Spells              Type           Power        Failure   Level  Hunger
a - Corona                Hex            #......      19%         1    ##.....
b - Slow                  Hex            #.......     28%         2    ###....
c - Inner Flame           Hex/Fire       #.......     67%         3    ####...

Your spell library contained the following spells:

 Spells                   Type           Power        Failure   Level  Hunger
 Portal Projectile        Hex/Tloc       #.....       67%         3    ####...
 Cause Fear               Hex            #.........   85%         4    #####..
 Leda's Liquefaction      Hex/Erth       #.........   96%         4    #####..


Dungeon Overview and Level Annotations

Branches:
Dungeon (5/15)
 Temple: D:4-7

Altars:
Gozag
Kikubaaqudgha
Nemelex Xobeh

Annotations:
D:4 Sigmund


Innate Abilities, Weirdness & Mutations

You are small and have problems with some larger weapons.
You are carnivorous and can eat meat at any time.
You passively map a small area around you.
You occasionally shout uncontrollably at your foes.
Your spells are a little harder to cast, but a little more powerful.


Message History

* * * LOW HITPOINT WARNING * * *
You are lethally poisoned!
The worker ant poisons you!
It was a potion of berserk rage.
A red film seems to cover your vision as you go berserk!
You feel yourself moving faster!
You feel mighty!
* * * LOW HITPOINT WARNING * * *
You feel sick. The worker ant bites you.
* * * LOW HITPOINT WARNING * * *
You are more poisoned.
The worker ant poisons you!
You closely miss the worker ant.
The worker ant is severely wounded.
* * * LOW HITPOINT WARNING * * *
You feel sick. The worker ant closely misses you.
You closely miss the worker ant.
The worker ant is severely wounded.
* * * LOW HITPOINT WARNING * * *
You feel sick. The worker ant bites you.
You die...

,,.# , .###### ,
......# * ......#
##......# #####
#>(.....+ ......
#(......#* * *######
#.###################
##..a@....)...........
#.....################
#..[..# #... #.....#
#... #.....# #...
#.....# #... ##+####
#### *


You could see a worker ant.

Vanquished Creatures
  An ice beast (D:5)
  A phantom (D:5)
  A centaur (D:5)
  2 crimson imps
  A centaur zombie (D:5)
  A jelly (D:5)
  An orc priest (D:4)
  4 orc wizards
  A bullfrog skeleton (D:5)
  Natasha (thrice) (D:3)
  Ijyb (D:3)
  A worker ant (D:3)
  Robin (D:4)
  3 gnolls (D:3)
  3 adders
  A shadow imp (D:5)
  4 oozes
  2 worms (D:2)
  2 dart slugs (D:1)
  3 leopard geckos
  17 orcs
  2 ball pythons
  3 giant cockroaches
  8 hobgoblins
  5 jackals
  A quokka (D:3)
  7 bats
  3 frilled lizards
  9 goblins
  14 kobolds
  A leopard gecko skeleton (D:5)
  A leopard gecko zombie (D:5)
  6 rats
114 creatures vanquished.

Notes
Turn   | Place    | Note
-------+----------+-------------------------------------------
     0 | D:1      | Lugonue the Kobold Arcane Marksman began the quest for the
                  | Orb.
     0 | D:1      | Reached XP level 1. HP: 12/12 MP: 2/2
   166 | D:1      | Reached XP level 2. HP: 16/16 MP: 3/3
   189 | D:1      | Reached skill level 3 in Crossbows
   331 | D:1      | Reached XP level 3. HP: 13/20 MP: 4/4
   521 | D:1      | Reached skill level 4 in Crossbows
   969 | D:2      | Learned a level 2 spell: Slow
   994 | D:2      | Reached XP level 4. HP: 18/25 MP: 2/5
  1576 | D:2      | Reached skill level 5 in Crossbows
  1900 | D:3      | Reached skill level 1 in Stealth
  1903 | D:3      | Reached XP level 5. HP: 26/29 MP: 3/6
  2005 | D:3      | Noticed Ijyb
  2205 | D:3      | Killed Ijyb
  2205 | D:3      | Reached skill level 1 in Short Blades
  2312 | D:3      | Found an ancient bone altar of Kikubaaqudgha.
  2337 | D:3      | Reached skill level 6 in Crossbows
  2412 | D:3      | Noticed Natasha
  2420 | D:3      | Killed Natasha
  2420 | D:3      | Reached XP level 6. HP: 18/34 MP: 3/7
  2434 | D:3      | Noticed Natasha
  2439 | D:3      | Killed Natasha
  2480 | D:3      | Noticed Natasha
  2497 | D:3      | Killed Natasha
  2859 | D:3      | Noticed Sigmund
  3114 | D:3      | Reached skill level 7 in Crossbows
  3417 | D:3      | Found a sparkling altar of Nemelex Xobeh.
  3893 | D:4      | Learned a level 3 spell: Inner Flame
  4112 | D:4      | Reached XP level 7. HP: 38/38 MP: 3/8
  4150 | D:4      | Noticed Robin
  4182 | D:4      | Killed Robin
  4331 | D:5      | Entered Level 5 of the Dungeon
  4333 | D:5      | Gained mutation: You are somewhat resistant to further
                  | mutation. [potion of mutation]
  4333 | D:5      | Gained mutation: Scrolls take you a little longer to read.
                  | [potion of mutation]
  4717 | D:5      | Found an opulent altar of Gozag.
  4722 | D:5      | Lost mutation: Scrolls take you a little longer to read.
                  | [potion of mutation]
  4722 | D:5      | Lost mutation: You are somewhat resistant to further
                  | mutation. [potion of mutation]
  4722 | D:5      | Gained mutation: You passively map a small area around you.
                  | [potion of mutation]
  4722 | D:5      | Gained mutation: You occasionally shout uncontrollably at
                  | your foes. [potion of mutation]
  4722 | D:5      | Gained mutation: Your spells are a little harder to cast,
                  | but a little more powerful. [potion of mutation]
  4982 | D:5      | Reached skill level 8 in Crossbows
  4982 | D:5      | Reached XP level 8. HP: 11/43 MP: 3/9
  5444 | D:5      | HP: 3/64 [poisoned by a worker ant]
  5444 | D:5      | Slain by a worker ant

Levels and vault maps discovered:
D:1:      scummos_arrival_checkerplants, layout_basic
D:2:      layout_basic
D:3:      layout_loops_corners, old_standard_altar, lemuel_doored_altar,
          kennysheep_generic_room_3, uniq_natasha, uniq_sigmund, uniq_ijyb
D:4:      cheibrodos_greedy_goblins, layout_loops_ring, portal_sewer_entry_c,
          uniq_robin
D:5:      layout_basic, nicolae_overflow_crystal_walls, serial_shops, shop,
          first_ration

Skill      XL: |  1  2  3  4  5  6  7  8 |
---------------+-------------------------+-----
Crossbows      | 3 4 5 6 7 8 |  8.7
Stealth        | 1 2 3 |  3.7
Short Blades   | 1 2 3 4 |  4.3
Dodging        | 3 4 |  4.2
Fighting       | |  1.1
Spellcasting   | |  1.1
Hexes          | |  3.2

Action                   |  1- 3 |  4- 6 |  7- 9 || total
-------------------------+-------+-------+-------++-------
Melee: Dagger            |    14 |       |       ||    14
       Short sword       |     1 |    63 |    91 ||   155
       Rapier            |       |    51 |       ||    51
 Fire: Hand crossbow     |    78 |    80 |   117 ||   275
Throw: Dart              |     1 |    69 |    22 ||    92
 Cast: Slow              |     1 |    12 |     6 ||    19
       Corona            |       |    10 |    16 ||    26
Evoke: Wand              |       |       |     5 ||     5
  Use: Potion            |       |     5 |     7 ||    12
       Scroll            |       |     3 |       ||     3
 Stab: Sleeping          |     2 |     5 |       ||     7
  Eat: Chunk             |     2 |    15 |     4 ||    21
Armor: Robe              |    10 |     9 |       ||    19
       Leather armour    |       |    16 |    38 ||    54
Dodge: Dodged            |    46 |   149 |   105 ||   300

Table legend:
 A = Non-vault XP
 B = Vault XP
 C = Vault XP percentage of total XP
 D = Non-vault monster count
 E = Vault monster count
 F = Vault count percentage of total count
                 A         B        C        D         E       F
            +---------+---------+-------+---------+---------+-------
      Total |    1166 |     105 |   8.3 |     102 |      12 |  10.5
            +---------+---------+-------+---------+---------+-------
        D:1 |      45 |       0 |   0.0 |      23 |       0 |   0.0
        D:2 |      58 |       0 |   0.0 |      23 |       0 |   0.0
        D:3 |     284 |      74 |  20.7 |      32 |       3 |   8.6
        D:4 |     136 |      31 |  18.6 |       9 |       9 |  50.0
        D:5 |     643 |       0 |   0.0 |      15 |       0 |   0.0
            +---------+---------+-------+---------+---------+-------
